 Dungeon Crawl Stone Soup version 0.22.1-1-ga44c0e56f4 (webtiles) character file.

16508 jepeman the Covert (level 12, -12/51 HPs)
             Began as a Spriggan Enchanter on Oct 1, 2018.
             Was a Priest of Dithmenos.
             Mangled by a two-headed ogre
             ... wielding a +0 giant spiked club
              (29 damage)
             ... on level 13 of the Dungeon.
             The game lasted 01:40:38 (13213 turns).

jepeman the Covert (Spriggan Enchanter)            Turns: 13213, Time: 01:40:41

Health: -12/51     AC:  6    Str:  4    XL:     12   Next: 10%
Magic:  27/27      EV: 30    Int: 20    God:    Dithmenos [***...]
Gold:   646        SH:  0    Dex: 21    Spells: 18/32 levels left

rFire    x . .     SeeInvis +   w - +9 dagger of Ofitsuasu {pierce, +Blink +Fly Dex-3}
rCold    + . .     Gourm    .   (shield restricted)
rNeg     . . .     Faith    .   z - +2 robe of Hospitality {rF- Regen+ Dex+6}
rPois    .         Spirit   .   (helmet restricted)
rElec    .         Reflect  .   (no cloak)
rCorr    .         Harm     .   (gloves unavailable)
MR       ++...                  (boots unavailable)
Stlth    ++++++++..             (no amulet)
HPRegen  0.57/turn              L - +2 ring of protection
MPRegen  0.20/turn              J - ring of protection from cold

@: wreathed by umbra, very quick
A: very small, unfitting armour, see invisible, herbivore, speed 3, slow
metabolism 2
a: Shadow Step, Renounce Religion, Evoke Blink, Evoke Flight


You were on level 13 of the Dungeon.
You worshipped Dithmenos.
Dithmenos was most pleased with you.
You were not hungry.

You visited 3 branches of the dungeon, and saw 15 of its levels.

You collected 646 gold pieces.

Inventory:

Hand Weapons
 w - the +9 dagger of Ofitsuasu (weapon) {pierce, +Blink +Fly Dex-3}
   (You found it on level 6 of the Dungeon)

   It inflicts extra damage upon your enemies.
   It affects your dexterity (-3).
   It lets you fly.
   It lets you blink.
Missiles
 g - 215 stones (quivered)
Armour
 z - the +2 robe of Hospitality (worn) {rF- Regen+ Dex+6}
   (You found it on level 8 of the Dungeon)

   It affects your dexterity (+6).
   It makes you vulnerable to fire.
   It increases your rate of regeneration.
 I - a +1 robe of cold resistance
Jewellery
 C - an uncursed ring of flight
 J - a ring of protection from cold (right hand)
 L - a +2 ring of protection (left hand)
 O - an uncursed amulet of guardian spirit
Wands
 q - a wand of acid (18)
 x - a wand of enslavement (16)
 B - a wand of paralysis (60)
 E - a wand of iceblast (5)
 K - a wand of clouds (4)
 M - a wand of digging (16)
Scrolls
 a - a scroll of acquirement {unknown}
 i - 8 scrolls of identify
 j - 6 scrolls of teleportation {unknown}
 l - 2 scrolls of blinking {unknown}
 n - 2 scrolls of enchant weapon {unknown}
 o - a scroll of fog {unknown}
 p - 2 scrolls of remove curse {unknown}
 r - 3 scrolls of amnesia {unknown}
 t - a scroll of noise {unknown}
 v - 2 scrolls of magic mapping {unknown}
 y - a scroll of summoning {unknown}
 H - a scroll of vulnerability {unknown}
Potions
 b - a potion of flight {unknown}
 c - 2 potions of cancellation {unknown}
 e - 3 potions of haste {unknown}
 f - 4 potions of magic {unknown}
 h - 3 potions of might {unknown}
 k - 3 potions of degeneration {unknown}
 m - 6 potions of curing {unknown}
 s - a potion of agility {unknown}
 u - a potion of lignification {unknown}
 A - a potion of invisibility {unknown}
 D - a potion of mutation {unknown}
 F - a potion of heal wounds {unknown}
 G - a potion of brilliance {unknown}
 N - a potion of resistance {unknown}
Comestibles
 d - 15 rations


   Skills:
 + Level 9.7 Short Blades
 + Level 11.8 Dodging
 + Level 12.7 Stealth
 + Level 10.8 Spellcasting
 + Level 11.2 Hexes
 - Level 3.0 Transmutations
 + Level 2.0 Ice Magic
 - Level 4.0 Invocations
 - Level 1.0 Evocations


You had 18 spell levels left.
You knew the following spells:

 Your Spells              Type           Power        Failure   Level  Hunger
a - Corona                Hex            ######.      1%          1    None
b - Ensorcelled Hibernat  Hex/Ice        #####.       1%          2    None
c - Confuse               Hex            ######..     1%          3    None
d - Dazzling Spray        Conj/Hex       ####..       1%          3    None
e - Yara's Violent Unrav  Hex/Tmut       #####.....   10%         5    ####...

Your spell library contained the following spells:

 Spells                   Type           Power        Failure   Level  Hunger
 Confusing Touch          Hex            ######       1%          1    None
 Summon Guardian Golem    Hex/Summ       ####....     1%          3    None
 Tukima's Dance           Hex            ######..     1%          3    None
 Summon Small Mammal      Summ           ##..         6%          1    None
 Call Imp                 Summ           ##......     10%         2    None
 Metabolic Englaciation   Hex/Ice        #####.....   12%         5    ####...
 Call Canine Familiar     Summ           ##......     19%         3    None
 Gell's Gravitas          Tloc           ##........   19%         3    None
 Petrify                  Tmut/Erth      ###.....     34%         4    ##.....
 Summon Ice Beast         Ice/Summ       ###.....     38%         4    ##.....
 Summon Lightning Spire   Summ/Air       ##......     54%         4    ##.....


Dungeon Overview and Level Annotations

Branches:
Dungeon (13/15)            Temple (0/1) D:7            Lair (1/6) D:11
    Orc (1/2) D:9          Vaults (0/5) D:13

Altars:
Cheibriados
Dithmenos
Elyvilon
Makhleb
Zin
The Shining One
Beogh

Shops:
D:6 (   D:9 (   D:10 (

Annotations:
D:10 1 exclusion
D:12 exclusion: downstairs


Innate Abilities, Weirdness & Mutations

You are very small and have problems with some larger weapons.
You are too small for most types of armour.
You have supernaturally acute eyesight. (SInv)
You are a herbivore.
You cover ground extremely quickly.
You need to consume almost no food.


Message History

a shortbow; 22 arrows
Things that are here:
a shortbow; 22 arrows
Found a stone staircase leading down.
Found a mace.
There is a stone staircase leading down here.
You climb downwards.
The human completely misses you. x2; The human hits you.
The human completely misses you. x2
The two-headed ogre hits you with a giant spiked club!
The two-headed ogre hits you with a giant club!
The human misses you.
The human completely misses you. x2; The human hits you.
There is a stone staircase leading up, spattered with blood here.
The human hits you but does no damage. The human completely misses you. x3
The human hits you. The human misses you.
The orc knight roars a battlecry!
The orc goes into a battle-frenzy!
The human misses you.
The two-headed ogre hits you with a giant spiked club!!
Ouch! That really hurt!
You die...

.... ...
##########..####
........?.......
#......(o.....#
......Wpp.....##
#.....ppppp....#
.....ppp@O......
.....ppppp......
......$pc.......
#.....o........#
##.............#
#.............#
#.########+####
#. .


You could see an orc knight, a centaur warrior, a two-headed ogre, 16 humans, a
wraith and an orc.

Vanquished Creatures
  Josephine (D:11)
  A two-headed ogre (D:9)
  Urug (D:9)
  An unseen horror (D:11)
  The ghost of Cykl0x the Chopper, a novice MiFi (D:6)
  2 ugly things
  A cyclops (D:12)
  A manticore (D:10)
  2 centaur zombies
  The ghost of Freyura the Scratcher, a novice FeFi of Dithmenos (D:8)
  3 kobold demonologists (D:10)
  2 trolls (D:11)
  2 hippogriffs
  A spriggan (D:7)
  A shadow (D:11)
  4 wraiths
  5 yaks (D:11)
  Grum (D:9)
  4 hungry ghosts
  3 vampire mosquitoes
  A porcupine (D:11)
  9 orc warriors
  4 ice beasts
  4 black bears
  2 necrophages
  3 wolves (D:9)
  6 ogres
  5 centaurs
  3 crocodiles
  5 big kobolds
  9 bullfrogs
  A wyvern skeleton (D:10)
  5 scorpions
  4 killer bees (D:8)
  4 wights (D:10)
  6 howler monkeys
  7 crimson imps
  2 bullfrog zombies
  2 quasits
  6 hounds
  6 orc priests
  5 jellies
  5 orc wizards
  3 centaur skeletons
  A bullfrog skeleton (D:8)
  7 worker ants
  3 iguanas
  4 gnolls (D:3)
  13 adders
  3 shadow imps
  An adder skeleton (D:7)
  2 worms
  3 dart slugs
  2 leopard geckos
  40 orcs
  8 giant cockroaches
  6 goblins
  9 hobgoblins
  11 jackals
  17 kobolds
  4 quokkas
  A ball python (D:2)
  8 bats
  3 frilled lizards
  A jackal zombie (D:9)
  A quokka skeleton (D:4)
  5 rats
298 creatures vanquished.

Vanquished Creatures (others)
  A kobold (D:10)
  A quokka (D:5)
  13 fungi (D:11)
  A plant (D:11)
16 creatures vanquished.

Grand Total: 314 creatures vanquished

Notes
Turn   | Place    | Note
-------+----------+-------------------------------------------
     0 | D:1      | jepeman the Spriggan Enchanter began the quest for the Orb.
     0 | D:1      | Reached XP level 1. HP: 9/9 MP: 5/5
   134 | D:1      | Reached XP level 2. HP: 13/13 MP: 7/7
   338 | D:1      | Learned a level 2 spell: Ensorcelled Hibernation
   461 | D:2      | Reached XP level 3. HP: 16/16 MP: 8/8
   808 | D:2      | Reached skill level 5 in Stealth
   844 | D:2      | Noticed an ogre
   861 | D:2      | Killed an ogre
   861 | D:2      | Reached XP level 4. HP: 21/21 MP: 6/11
  1018 | D:5      | Entered Level 5 of the Dungeon
  1018 | D:5      | Noticed an ogre
  1066 | D:3      | Reached XP level 5. HP: 24/24 MP: 2/12
  1113 | D:4      | Found a burning altar of Makhleb.
  1602 | D:3      | Found a glowing golden altar of the Shining One.
  2089 | D:2      | Reached skill level 5 in Spellcasting
  2415 | D:3      | Reached skill level 6 in Stealth
  2420 | D:3      | Learned a level 3 spell: Confuse
  2424 | D:3      | Learned a level 3 spell: Dazzling Spray
  2534 | D:3      | Found a snail-covered altar of Cheibriados.
  2865 | D:3      | Reached XP level 6. HP: 28/28 MP: 9/14
  3414 | D:4      | Reached skill level 5 in Hexes
  3797 | D:5      | Found a white marble altar of Elyvilon.
  3886 | D:5      | Reached XP level 7. HP: 28/32 MP: 11/17
  3900 | D:5      | Reached skill level 7 in Stealth
  4219 | D:5      | Noticed a hungry ghost
  4231 | D:5      | Killed a hungry ghost
  4406 | D:6      | Found Ziekunwo's Weapon Shop.
  4421 | D:6      | Got an ancient dagger
  4440 | D:6      | Identified the +9 dagger of Ofitsuasu {pierce, +Blink +Fly
                  | Dex-3} (You found it on level 6 of the Dungeon)
  4766 | D:6      | Found a runed gate.
  4767 | D:6      | Found a runed gate.
  4768 | D:6      | Found a runed gate.
  4770 | D:6      | Noticed Cykl0x's ghost (novice MiFi)
  4777 | D:6      | Found a roughly hewn altar of Beogh.
  4904 | D:6      | Reached skill level 1 in Evocations
  4980 | D:6      | Reached XP level 8. HP: 36/36 MP: 6/19
  5101 | D:6      | Killed Cykl0x's ghost
  5101 | D:6      | Reached skill level 5 in Short Blades
  5101 | D:6      | Reached skill level 5 in Dodging
  5980 | D:8      | Found a transporter.
  5984 | D:8      | Noticed a hippogriff
  5984 | D:8      | Noticed Freyura's ghost (novice FeFi)
  5991 | D:8      | Found a transporter.
  5996 | D:8      | Got a fabulously ornate robe
  6009 | D:8      | Identified the +2 robe of Hospitality {rF- Regen+ Dex+6}
                  | (You found it on level 8 of the Dungeon)
  6081 | D:7      | Found a staircase to the Ecumenical Temple.
  6203 | D:7      | Reached XP level 9. HP: 39/39 MP: 16/22
  6257 | D:7      | Reached skill level 8 in Stealth
  7119 | D:8      | Reached skill level 9 in Stealth
  7136 | D:8      | Killed Freyura's ghost
  7707 | D:8      | Reached XP level 10. HP: 44/44 MP: 19/24
  8223 | D:8      | Found a shadowy altar of Dithmenos.
  8232 | D:8      | Became a worshipper of Dithmenos the Shadowed
  8335 | D:9      | Reached skill level 10 in Stealth
  8600 | D:9      | Noticed a two-headed ogre
  8604 | D:9      | Killed a two-headed ogre
  8604 | D:9      | Reached skill level 1 in Invocations
  8673 | D:9      | Noticed a purple ugly thing
  8715 | D:9      | Killed a purple ugly thing
  8920 | D:10     | Entered Level 10 of the Dungeon
  8997 | D:10     | Found Bucw's Antique Weapon Boutique.
  9028 | D:9      | Found a glowing silver altar of Zin.
  9124 | D:9      | Found Xilic's Weapon Boutique.
  9132 | D:9      | Noticed Grum
  9133 | D:9      | Killed Grum
  9288 | D:9      | Reached * piety under Dithmenos
  9473 | D:9      | Found a staircase to the Orcish Mines.
  9480 | Orc:1    | Entered Level 1 of the Orcish Mines
  9689 | D:10     | Noticed Urug
  9698 | D:10     | Reached skill level 10 in Dodging
  9698 | D:10     | Reached skill level 10 in Spellcasting
  9995 | D:9      | Killed Urug
  9995 | D:9      | Reached skill level 11 in Stealth
 10201 | D:10     | Noticed a great orb of eyes
 10330 | D:10     | Noticed a manticore
 10357 | D:10     | Reached skill level 10 in Hexes
 10390 | D:10     | Killed a manticore
 10390 | D:10     | Reached XP level 11. HP: 47/47 MP: 19/26
 10771 | D:10     | Noticed a sixfirhy
 10773 | D:10     | Noticed a soul eater
 10943 | D:11     | Noticed a red ugly thing
 10975 | D:11     | Killed a red ugly thing
 10990 | D:11     | Learned a level 5 spell: Yara's Violent Unravelling
 11037 | D:10     | Reached skill level 1 in Transmutations
 11439 | D:11     | Reached ** piety under Dithmenos
 11666 | D:11     | Reached skill level 12 in Stealth
 11701 | D:11     | Found a staircase to the Lair.
 11969 | Lair:1   | Entered Level 1 of the Lair of Beasts
 12084 | D:13     | Noticed a tengu warrior
 12358 | D:11     | Noticed Josephine
 12377 | D:11     | Killed Josephine
 12426 | D:11     | Reached skill level 1 in Ice Magic
 12775 | D:12     | Noticed an unseen horror
 12785 | D:11     | Killed an unseen horror
 12802 | D:11     | Reached *** piety under Dithmenos
 12824 | D:12     | Reached XP level 12. HP: 51/51 MP: 21/27
 13161 | D:13     | Found a gate to the Vaults.
 13161 | D:13     | Noticed a two-headed ogre
 13161 | D:13     | Noticed a centaur warrior
 13213 | D:13     | Mangled by a two-headed ogre

Skill      XL: |  1  2  3  4  5  6  7  8  9 10 11 12 |
---------------+-------------------------------------+-----
Spellcasting   | 3 4 5 6 8 9 10 | 10.8
Hexes          | 4 5 6 7 8 10 11 | 11.2
Stealth        | 5 6 7 9 11 12 | 12.7
Short Blades   | 2 3 4 6 7 8 9 |  9.7
Dodging        | 4 6 8 10 11 | 11.8
Evocations     | 1 |  1.0
Invocations    | 3 4 |  4.0
Transmutations | 3 |  3.0
Ice Magic      | 1 2 |  2.0

Action                   |  1- 3 |  4- 6 |  7- 9 | 10-12 || total
-------------------------+-------+-------+-------+-------++-------
Melee: Dagger            |    51 |   149 |   188 |   215 ||   603
Throw: Stone             |     8 |    45 |    50 |    91 ||   194
 Cast: Ensorcelled Hiber |     6 |    69 |    75 |   114 ||   264
       Confuse           |       |     4 |    37 |    69 ||   110
       Dazzling Spray    |       |       |     1 |       ||     1
 Abil: Evoke Blink       |       |       |     1 |       ||     1
  Use: Scroll            |       |       |     3 |     4 ||     7
 Stab: Sleeping          |    11 |    39 |    51 |    93 ||   194
       Distracted        |     1 |       |     1 |     3 ||     5
       Confused          |       |     1 |    14 |    27 ||    42
  Eat: Ration            |       |     3 |     3 |     1 ||     7
Armor: Robe              |     3 |    18 |     4 |     4 ||    29
Dodge: Dodged            |    30 |    86 |   118 |   118 ||   352
